 Dungeon Crawl Stone Soup version 0.21.0 (webtiles) character file.

28372 oplop the Octopoid Aeon (level 13, -6/115 HPs)
             Began as an Octopode Ice Elementalist on Jan 6, 2018.
             Was the Champion of Cheibriados.
             Mangled by a large slime creature (15 damage)
             ... on level 13 of the Dungeon.
             The game lasted 01:16:59 (16542 turns).

oplop the Octopoid Aeon (OpIE)                     Turns: 16542, Time: 01:16:59

Health: -6/115     AC: 27    Str: 23    XL:     13   Next: 38%
Magic:  2/23       EV: 17    Int: 34    God:    Cheibriados [******]
Gold:   729        SH:  0    Dex: 26    Spells: 3/26 levels left

rFire    + . .     SeeInvis +     - Unarmed
rCold    . . .     Gourm    .   (no shield)
rNeg     + . .     Faith    .   (helmet restricted)
rPois    ∞         Spirit   .   k - amulet of regeneration (curse)
rElec    +         Reflect  .   n - ring of see invisible
rCorr    .         Harm     .   f - ring of protection from fire
MR       .....                  U - ring of poison resistance
Stlth    ++++......             (no ring)
HPRegen  0.69/turn              (no ring)
MPRegen  0.18/turn              (no ring)
                                (no ring)
                                (no ring)

@: statue-form, very slightly contaminated, very slow
A: almost no armour, stealthy swim, amphibious, 8 rings, constrict 8, camouflage
1, clumsy 1, weak 1
a: End Transformation, Bend Time, Temporal Distortion, Slouch, Step From Time,
Renounce Religion


You were on level 13 of the Dungeon.
You worshipped Cheibriados.
Cheibriados was exalted by your worship.
You were not hungry.
You were a stone statue.
You visited 3 branches of the dungeon, and saw 19 of its levels.
You also visited: Labyrinth and Sewer.

You collected 995 gold pieces.
You spent 266 gold pieces at shops.

Inventory:

Hand Weapons
 d - a +0 dagger
 e - a +2 dagger of draining
 z - a +0 blowgun
Missiles
 A - 118 poisoned needles
 C - 10 curare-tipped needles
Armour
 w - the +3 buckler "Tetaof" {Str+4 Int-3 SInv}
   (You bought it in a shop on level 8 of the Dungeon)

   It affects your strength (+4).
   It affects your intelligence (-3).
   It lets you see invisible.
Magical Staves
 j - an uncursed staff of power
Jewellery
 f - a ring of protection from fire (right tentacle)
 k - a cursed amulet of regeneration (around mantle)
 n - a ring of see invisible (left tentacle)
 O - an uncursed ring of flight
 U - a ring of poison resistance (on tentacle)
 V - an uncursed ring of ice
Wands
 g - a wand of digging (17)
 y - a wand of iceblast (24)
 B - a wand of flame (70)
 Q - a wand of paralysis (29)
 R - a wand of polymorph (14)
 S - a wand of disintegration (48)
Scrolls
 c - 8 scrolls of remove curse
 i - 7 scrolls of identify
 p - 9 scrolls of teleportation
 t - 2 scrolls of enchant weapon
 u - 4 scrolls of magic mapping
 v - 5 scrolls of fear
 x - 4 scrolls of amnesia
 E - 4 scrolls of immolation
 I - 2 scrolls of enchant armour
 M - a scroll of fog
Potions
 h - 4 potions of degeneration
 l - 3 potions of flight
 m - 7 potions of lignification
 o - 3 potions of curing
 q - a potion of brilliance {unknown}
 s - 3 potions of haste
 G - a potion of magic {unknown}
 H - a potion of might
 J - 2 potions of mutation {unknown}
 K - 2 potions of heal wounds {unknown}
Books
 a - a book of Frost

   Spells                             Type                      Level
   a - Freeze                         Ice                          1
   b - Throw Frost                    Conjuration/Ice              2
   c - Ozocubu's Armour               Charms/Ice                   3
   d - Throw Icicle                   Conjuration/Ice              4
   e - Summon Ice Beast               Ice/Summoning                4
 r - a book of the Dragon

   Spells                             Type                      Level
   a - Flame Tongue                   Conjuration/Fire             1
   b - Cause Fear                     Hexes                        4
   c - Bolt of Fire                   Conjuration/Fire             6
   d - Dragon Form                    Transmutation                7
   e - Dragon's Call                  Summoning                    9
 D - a Young Poisoner's Handbook

   Spells                             Type                      Level
   a - Sting                          Conjuration/Poison           1
   b - Poisonous Vapours              Poison/Air                   2
   c - Mephitic Cloud                 Conjuration/Poison/Air       3
   d - Olgreb's Toxic Radiance        Poison                       4
   e - Venom Bolt                     Conjuration/Poison           5
 L - a book of Transfigurations

   Spells                             Type                      Level
   a - Irradiate                      Conjuration/Transmutation    5
   b - Statue Form                    Transmutation/Earth          6
   c - Hydra Form                     Transmutation                6
   d - Dragon Form                    Transmutation                7
 N - a book of Conjurations

   Spells                             Type                      Level
   a - Magic Dart                     Conjuration                  1
   b - Searing Ray                    Conjuration                  2
   c - Dazzling Spray                 Conjuration/Hexes            3
   d - Fulminant Prism                Conjuration/Hexes            4
   e - Force Lance                    Conjuration/Translocation    4
   f - Iskenderun's Mystic Blast      Conjuration                  4
 P - the Volume of the Assistive Frostbite
   (You found it in a labyrinth)

   Spells                             Type                      Level
   a - Infusion                       Charms                       1
   b - Song of Slaying                Charms                       2
   c - Regeneration                   Charms/Necromancy            3
   d - Bolt of Cold                   Conjuration/Ice              6
   e - Ring of Flames                 Charms/Fire                  7
 T - a book of the Earth

   Spells                             Type                      Level
   a - Leda's Liquefaction            Hexes/Earth                  4
   b - Bolt of Magma                  Conjuration/Fire/Earth       5
   c - Statue Form                    Transmutation/Earth          6
   d - Iron Shot                      Conjuration/Earth            6
   e - Shatter                        Earth                        9
 W - a book of Clouds

   Spells                             Type                      Level
   a - Poisonous Vapours              Poison/Air                   2
   b - Mephitic Cloud                 Conjuration/Poison/Air       3
   c - Conjure Flame                  Conjuration/Fire             3
   d - Freezing Cloud                 Conjuration/Ice/Air          6
   e - Ring of Flames                 Charms/Fire                  7
Comestibles
 b - 24 rations


   Skills:
 - Level 8.3 Fighting
 + Level 5.6 Dodging
 - Level 2.6 Stealth
 + Level 2.0 Unarmed Combat
 - Level 7.0 Spellcasting
 - Level 5.9 Conjurations
 - Level 1.9 Charms
 - Level 5.0 Summonings
 * Level 9.1 Transmutations
 - Level 8.1 Ice Magic
 - Level 7.0 Earth Magic
 - Level 3.5 Poison Magic
 + Level 10.3 Invocations


You had 3 spell levels left.
You knew the following spells:

 Your Spells              Type           Power        Failure   Level  Hunger
a - Freeze                Ice            ####         1%          1    None
b - Throw Frost           Conj/Ice       ######       1%          2    None
c - Ozocubu's Armour      Chrm/Ice       #####...     1%          3    None
d - Summon Ice Beast      Ice/Summ       ######..     2%          4    #......
e - Mephitic Cloud        Conj/Pois/Air  ####....     3%          3    None
f - Throw Icicle          Conj/Ice       ######..     1%          4    #......
g - Statue Form           Tmut/Erth      ######...    21%         6    ######.


Dungeon Overview and Level Annotations

Branches:
Dungeon (13/15)            Temple (1/1) D:6            Lair (5/6) D:9
 Shoals (0/4) Lair:3        Snake (0/4) Lair:3        Slime (0/5) Lair:5
    Orc (0/2) D:12
 Vaults: D:13-14

Altars:
Ashenzari
Cheibriados
Dithmenos
Elyvilon
Fedhas
Gozag
Hepliaklqana
Kikubaaqudgha
Makhleb
Nemelex Xobeh
Okawaru
Qazlal
Ru
Sif Muna
Trog
Uskayaw
Vehumet
Wu Jian
Xom
Yredelemnul
Zin
The Shining One

Shops:
D:8 [[

Annotations:
D:9 3 runed doors
Lair:4 Urug


Innate Abilities, Weirdness & Mutations

You cannot wear most types of armour.
You are very stealthy in the water. (Stealth+)
You are amphibious.
You can wear up to eight rings at the same time.
You can use your tentacles to constrict eight enemies at once.
Your skin changes colour to match your surroundings (Stealth+).
((Your rubbery body absorbs attacks. (AC +1, EV +1)))
You are clumsy. (Dex -2)
You are weak. (Str -2)


Message History

You tentacle-slap Snorg. You squeeze Snorg!
Snorg is heavily wounded.
Snorg misses you. Snorg closely misses you. x2
You batter Snorg!!
Snorg is severely wounded.
Snorg bites you!
* * * LOW HITPOINT WARNING * * *
Snorg misses you. x2
A slime creature comes into view.
You batter Snorg!!
Snorg is almost dead.
Two slime creatures merge to form a large slime creature.
Snorg bites you but does no damage. Snorg claws you but does no damage. x2
You batter Snorg!!
You kill Snorg!
Cheibriados appreciates the change of pace.
Your Unarmed Combat skill increases to level 2!
Your Transmutations skill increases to level 9!
The large slime creature hits you!
You die...

# #.#.#..#.# #
#.#....#.#
#.###.##.#
#........#
#####.##########
#.#........# ###
#.#.######.# ..#
#.#.#.,,,#.# ..#
#.#.#.*,,#8# ..#
#.#.#.*,,#J# ..#
#.#.#.####.###
..#####.#.#.JT.....#
##......#.#..#######
#.######.#..# #.#
#.#..# #.# #.#..#
#.# #.#..#


You could see a large slime creature.

Vanquished Creatures
  Snorg (D:13)
  A minotaur (Lab)
  4 hydras
  Fannar (D:11)
  A two-headed ogre (D:12)
  An unseen horror (D:11)
  A sea snake (shapeshifter) (D:10)
  An ugly thing (D:11)
  A deep elf mage (D:12)
  A cyclops (D:12)
  A centaur zombie (D:13)
  3 black mambas
  2 komodo dragons
  An efreet (D:13)
  A troll (D:11)
  2 hornets
  4 slime creatures (D:13)
  3 blink frogs (Lair:3)
  6 hippogriffs
  A wraith (D:12)
  9 yaks
  A wyvern (D:9)
  A basilisk (D:9)
  2 vampire mosquitoes (D:13)
  2 hungry ghosts
  A naga (Lair:3)
  6 soldier ants
  An acid dragon (D:11)
  7 water moccasins
  5 porcupines
  2 sky beasts
  3 orc warriors
  An ice beast (D:10)
  5 ogres
  2 phantoms (D:10)
  A black bear (D:11)
  A wolf (Lair:2)
  3 centaurs
  4 crocodiles
  2 big kobolds
  A gnoll sergeant (D:11)
  8 bullfrogs
  A wyvern zombie (D:12)
  2 scorpions
  22 killer bees
  3 wights (D:11)
  An electric eel (D:13)
  2 spriggan skeletons (Lab)
  2 howler monkeys
  2 crimson imps
  4 jellies
  A bullfrog skeleton (D:6)
  A centaur skeleton (Lab)
  A hound (D:8)
  A bullfrog zombie (D:5)
  A gnoll shaman (D:6)
  3 orc priests
  8 orc wizards
  Jessica (D:3)
  3 iguanas
  8 worker ants
  Natasha (twice) (D:2)
  An ogre skeleton (Lab)
  2 hound skeletons
  A worker ant zombie (D:11)
  6 gnolls
  11 adders
  A howler monkey skeleton (D:10)
  3 river rats (D:5)
  A shadow imp (D:9)
  An ooze (D:1)
  2 adder skeletons
  An adder zombie (D:7)
  8 worms
  A dart slug (D:4)
  8 leopard geckos
  28 orcs
  9 bats
  9 giant cockroaches
  6 hobgoblins
  9 jackals
  18 kobolds
  5 quokkas
  2 ball pythons
  8 frilled lizards
  6 goblins
  A leopard gecko skeleton (D:7)
  8 rats
330 creatures vanquished.

Vanquished Creatures (collateral kills)
  A hydra (Lair:2)
  An ugly thing (D:9)
  A cyclops (D:11)
  A centaur zombie (D:11)
  A merfolk siren (Lair:3)
  A black mamba (Lair:1)
  A gargoyle (D:11)
  3 spiny frogs
  A rime drake (Lair:3)
  3 trolls
  A hornet (D:7)
  5 slime creatures
  8 hippogriffs
  5 blink frogs
  A shadow (D:11)
  A wraith (D:11)
  3 basilisks
  17 yaks
  2 hungry ghosts
  A vampire mosquito (D:9)
  An acid dragon (D:11)
  2 nagas (Lair:3)
  A water moccasin (Lair:1)
  2 orc warriors
  2 necrophages (D:10)
  5 wolves (Lair:2)
  2 ice beasts
  3 ogres
  2 centaurs
  A crocodile (Lair:1)
  A big kobold (D:11)
  2 bullfrogs
  A scorpion (D:9)
  6 killer bees
  3 howler monkeys
  5 jellies
  A crimson imp (D:8)
  2 centaur skeletons
  A quasit (D:9)
  A bullfrog skeleton (D:9)
  2 orc wizards
  A gnoll (D:6)
  An adder (D:11)
  2 oozes (Lair:5)
  16 orcs
  A jackal (D:11)
125 creatures vanquished.

Vanquished Creatures (others)
  A human (D:9)
  15 fungi
  7 plants
23 creatures vanquished.

Grand Total: 478 creatures vanquished

Notes
Turn   | Place    | Note
-------+----------+-------------------------------------------
     0 | D:1      | oplop the Octopode Ice Elementalist began the quest for the Orb.
     0 | D:1      | Reached XP level 1. HP: 11/11 MP: 3/3
   105 | D:1      | Reached XP level 2. HP: 17/17 MP: 5/5
   708 | D:2      | Reached XP level 3. HP: 21/22 MP: 6/6
   857 | D:2      | Reached skill level 1 in Fighting
  1124 | D:2      | Found an opulent altar of Gozag.
  1124 | D:2      | Noticed Natasha
  1132 | D:2      | Killed Natasha
  1132 | D:2      | Reached XP level 4. HP: 5/28 MP: 8/8
  1136 | D:2      | Found a deep blue altar of Sif Muna.
  1300 | D:2      | Learned a level 2 spell: Throw Frost
  1306 | D:2      | Found a faded altar of an unknown god.
  1330 | D:2      | Found a shimmering altar of Xom.
  1331 | D:2      | Found a faded altar of an unknown god.
  1524 | D:2      | Learned a level 3 spell: Ozocubu's Armour
  1529 | D:2      | Noticed a centaur
  1543 | D:2      | Killed a centaur
  1543 | D:2      | Reached skill level 1 in Charms
  1543 | D:2      | Reached XP level 5. HP: 13/34 MP: 9/9
  1822 | D:2      | Found a faded altar of an unknown god.
  1925 | D:2      | Noticed Natasha
  1977 | D:2      | Killed Natasha
  2503 | D:3      | Noticed Jessica
  2506 | D:3      | Killed Jessica
  2506 | D:3      | Reached XP level 6. HP: 39/39 MP: 10/10
  2894 | D:4      | Learned a level 4 spell: Summon Ice Beast
  2922 | D:5      | Entered Level 5 of the Dungeon
  2970 | D:5      | Reached skill level 5 in Ice Magic
  3008 | D:5      | Reached skill level 1 in Summonings
  3023 | D:5      | Noticed an ice beast
  3028 | D:5      | Found an opulent altar of Gozag.
  3211 | D:5      | Reached XP level 7. HP: 45/45 MP: 12/12
  3335 | D:5      | Found a glowing drain.
  3392 | Sewer    | Entered a sewer
  3515 | Sewer    | Noticed Purgy
  3948 | D:6      | Found a staircase to the Ecumenical Temple.
  4086 | Temple   | Entered the Ecumenical Temple
  4230 | Temple   | Became a worshipper of Cheibriados the Contemplative
  4427 | D:5      | Learned a level 3 spell: Mephitic Cloud
  4569 | D:6      | Noticed a hand axe
  4570 | D:6      | Found a hide-covered altar of Uskayaw.
  4570 | D:6      | Noticed a hand axe
  4809 | D:6      | Found a shattered altar of Ashenzari.
  4813 | D:6      | Saw a vision of the Shoals and the Snake Pit.
  4813 | D:6      | Noticed an anaconda
  4813 | D:6      | Noticed a naga ritualist
  4813 | D:6      | Noticed a naga mage
  4813 | D:6      | Noticed a naga
  4813 | D:6      | Noticed a naga
  4813 | D:6      | Noticed a naga mage
  4813 | D:6      | Noticed a sea snake
  4813 | D:6      | Noticed a merfolk siren
  4813 | D:6      | Noticed a sea snake
  4813 | D:6      | Noticed a merfolk siren
  4813 | D:6      | Noticed a merfolk siren
  4813 | D:6      | Noticed a merfolk siren
  4813 | D:6      | Noticed a sea snake
  4814 | D:6      | Noticed a black mamba
  4816 | D:6      | Noticed a black mamba
  4822 | D:6      | Noticed a mana viper
  4869 | D:6      | Reached skill level 1 in Invocations
  5098 | D:7      | Noticed a hippogriff
  5107 | D:7      | Killed a hippogriff
  5107 | D:7      | Reached XP level 8. HP: 51/51 MP: 13/13
  5115 | D:7      | Noticed a hippogriff
  5441 | D:7      | Reached skill level 2 in Invocations
  5592 | D:7      | Found a shadowy altar of Dithmenos.
  5664 | D:7      | Reached * piety under Cheibriados
  5886 | D:7      | Killed a hippogriff
  5886 | D:7      | Reached skill level 3 in Invocations
  5921 | D:7      | Reached skill level 5 in Summonings
  6307 | D:7      | Noticed a hornet
  6333 | D:7      | Killed a hornet
  6687 | D:8      | Reached XP level 9. HP: 57/57 MP: 15/15
  6748 | D:8      | Reached skill level 4 in Invocations
  6762 | D:8      | Found a sacrificial altar of Ru.
  6860 | D:8      | Reached ** piety under Cheibriados
  6866 | D:8      | Found Kusying's Antique Armour Shop.
  6959 | D:8      | Found a white marble altar of Elyvilon.
  7132 | D:8      | Found Foxeamn's Antique Armour Shoppe.
  7140 | D:8      | Bought a polished buckler for 266 gold pieces
  7145 | D:8      | Identified the +3 buckler "Tetaof" {Str+4 Int-3 SInv} (You bought it in a shop on level 8 of the Dungeon)
  7389 | D:9      | Noticed a hornet
  7454 | D:9      | Found an ancient bone altar of Kikubaaqudgha.
  7462 | D:9      | Noticed a white ugly thing
  7485 | D:9      | Killed a white ugly thing
  7752 | D:4      | Reached skill level 5 in Invocations
  7852 | D:4      | Reached skill level 5 in Spellcasting
  8174 | D:5      | Reached *** piety under Cheibriados
  8494 | D:9      | Reached skill level 1 in Poison Magic
  8532 | D:9      | Reached skill level 5 in Fighting
  8622 | D:9      | Killed a hornet
  8655 | D:9      | Reached XP level 10. HP: 53/66 MP: 17/18
  8660 | D:9      | Noticed a cyclops
  8673 | D:9      | Found a runed door.
  8673 | D:9      | Noticed a two-headed ogre
  8675 | D:9      | Noticed a flayed ghost
  8738 | D:9      | Reached skill level 6 in Invocations
  8808 | D:10     | Entered Level 10 of the Dungeon
  9004 | D:9      | Got a spiked large shield
  9010 | D:9      | Identified the +2 large shield of Recklessness {SInv Stlth+} (You found it on level 9 of the Dungeon)
  9068 | D:9      | Found a runed door.
  9068 | D:9      | Found a runed door.
  9086 | D:9      | Found a staircase to the Lair.
  9131 | Lair:1   | Entered Level 1 of the Lair of Beasts
  9152 | Lair:1   | Noticed a black mamba
  9169 | Lair:1   | Killed a black mamba
  9169 | Lair:1   | Reached **** piety under Cheibriados
  9297 | Lair:1   | Learned a level 4 spell: Throw Icicle
  9325 | Lair:1   | Noticed a spiny frog
  9587 | Lair:1   | Noticed a black mamba
  9594 | Lair:1   | Killed a black mamba
  9920 | Lair:1   | Killed a spiny frog
  9971 | Lair:1   | Noticed a six-headed hydra
  9982 | Lair:1   | Killed a six-headed hydra
  9982 | Lair:1   | Reached skill level 7 in Invocations
 10190 | Lair:2   | Noticed a six-headed hydra
 10198 | Lair:2   | Killed a six-headed hydra
 10363 | Lair:2   | Reached skill level 5 in Conjurations
 10363 | Lair:2   | Reached XP level 11. HP: 32/72 MP: 20/21
 10515 | Lair:2   | Noticed a seven-headed hydra
 10528 | Lair:2   | Killed a seven-headed hydra
 10861 | Lair:2   | Reached ***** piety under Cheibriados
 11456 | Lair:2   | Learned a level 6 spell: Statue Form
 11622 | Lair:3   | Reached skill level 1 in Transmutations
 11622 | Lair:3   | Reached skill level 1 in Earth Magic
 11670 | Lair:3   | Noticed a five-headed hydra
 11677 | Lair:3   | Killed a five-headed hydra
 11677 | Lair:3   | Reached skill level 8 in Invocations
 12036 | Lair:3   | Found a staircase to the Snake Pit.
 12198 | Lair:3   | Found a staircase to the Shoals.
 12616 | Lair:4   | Noticed a seven-headed hydra
 12625 | Lair:4   | Killed a seven-headed hydra
 12641 | Lair:4   | Noticed Urug
 12764 | Lair:5   | Found a staircase to the Slime Pits.
 12799 | Lair:5   | Reached XP level 12. HP: 80/80 MP: 22/22
 12829 | Lair:5   | Noticed a death yak
 12830 | Lair:5   | Noticed a death yak
 12831 | Lair:5   | Noticed a death yak
 12831 | Lair:5   | Noticed a death yak
 13051 | D:9      | Reached skill level 5 in Transmutations
 13051 | D:9      | Reached skill level 5 in Earth Magic
 13489 | D:10     | Reached skill level 9 in Invocations
 14053 | D:11     | Reached ****** piety under Cheibriados
 14242 | D:11     | Noticed Fannar
 14252 | D:11     | Killed Fannar
 15166 | D:12     | Reached XP level 13. HP: 54/88 MP: 23/23
 15210 | D:12     | Found a staircase to the Orcish Mines.
 15610 | D:12     | Reached skill level 5 in Dodging
 15610 | D:12     | Reached skill level 10 in Invocations
 15632 | D:13     | Identified a scroll of acquirement
 15726 | D:13     | Gained mutation: You are weak. (Str -2) [mutagenic glow]
 15753 | D:13     | Gained mutation: You are clumsy. (Dex -2) [mutagenic glow]
 15772 | D:13     | Found a labyrinth entrance.
 15789 | Lab      | Entered a labyrinth
 15941 | Lab      | Noticed a minotaur
 15949 | Lab      | Killed a minotaur
 15960 | Lab      | Identified the Volume of the Assistive Frostbite
 16090 | D:13     | Reached skill level 1 in Unarmed Combat
 16519 | D:13     | Noticed Snorg
 16530 | D:13     | HP: 3/115 [Snorg (23)]
 16542 | D:13     | Killed Snorg
 16542 | D:13     | Mangled by a large slime creature

Skill      XL: |  1  2  3  4  5  6  7  8  9 10 11 12 13 |
---------------+----------------------------------------+-----
Fighting       | 1 2 3 5 6 8 |  8.3
Ice Magic      | 4 5 6 7 8 |  8.1
Spellcasting   | 3 4 5 6 7 |  7.0
Charms         | 1 |  1.9
Summonings     | 1 3 5 |  5.0
Invocations    | 1 3 5 7 8 9 10 | 10.3
Poison Magic   | 2 3 |  3.5
Conjurations   | 5 |  5.9
Dodging        | 4 5 |  5.6
Transmutations | 4 7 9 |  9.1
Earth Magic    | 4 7 |  7.0
Unarmed Combat | 2 |  2.0
Stealth        | |  2.6

Action                   |  1- 3 |  4- 6 |  7- 9 | 10-12 | 13-15 || total
-------------------------+-------+-------+-------+-------+-------++-------
Melee: Dagger            |    16 |       |       |       |       ||    16
       Unarmed           |     3 |       |       |       |    73 ||    76
       Constrict         |     7 |    11 |    48 |    53 |    19 ||   138
       Tentacles         |     3 |     6 |    40 |   147 |    53 ||   249
       Staff             |     8 |    44 |   157 |   262 |    39 ||   510
       Punch             |       |       |       |       |     1 ||     1
 Cast: Freeze            |    24 |    36 |    49 |    64 |     2 ||   175
       Throw Frost       |       |    55 |    72 |    85 |     1 ||   213
       Ozocubu's Armour  |       |     6 |    14 |    49 |     3 ||    72
       Summon Ice Beast  |       |       |    39 |   104 |     8 ||   151
       Mephitic Cloud    |       |       |    18 |    23 |     1 ||    42
       Throw Icicle      |       |       |       |    44 |    13 ||    57
       Statue Form       |       |       |       |    11 |    13 ||    24
Invok: Bend Time         |       |       |       |     1 |     2 ||     3
       Slouch            |       |       |       |     2 |       ||     2
Evoke: Wand              |       |       |       |       |     2 ||     2
  Use: Scroll            |     4 |       |    12 |     3 |     9 ||    28
       Potion            |       |     2 |     4 |     1 |     2 ||     9
 Stab: Sleeping          |     4 |     5 |     5 |     1 |     1 ||    16
       Distracted        |     1 |       |     2 |     5 |       ||     8
       Confused          |       |       |     3 |     6 |     3 ||    12
  Eat: Chunk             |       |     6 |     5 |    16 |     2 ||    29
       Ration            |       |     1 |     7 |     4 |     2 ||    14
Armor: Skin              |     7 |    19 |    23 |   209 |    96 ||   354
Dodge: Dodged            |    22 |    44 |   162 |   498 |   148 ||   874
